 Dungeon Crawl Stone Soup version 0.20.1-1-g8b1a95d (webtiles) character file.

117 gobwax the Conjurer (level 4, -3/24 HPs)
             Began as a Deep Elf Conjurer on Sept 8, 2017.
             Slain by a gnoll
             ... wielding a +0 spear
              (8 damage)
             ... on level 3 of the Dungeon.
             The game lasted 00:05:19 (2212 turns).

gobwax the Conjurer (Deep Elf Conjurer)             Turns: 2212, Time: 00:05:20

Health: -3/24      AC:  4    Str:  5    XL:     4   Next: 71%
Magic:  4/11       EV: 13    Int: 21    God:
Gold:   69         SH:  0    Dex: 15    Spells: 7/10 levels left

rFire    . . .     SeeInvis .   (no weapon)
rCold    . . .     Gourm    .   (no shield)
rNeg     . . .     Faith    .   a - +0 robe
rPois    .         Spirit   .   (no helmet)
rElec    .         Reflect  .   (no cloak)
rCorr    .         Harm     .   n - +1 pair of gloves
MR       .....                  (no boots)
Stlth    ++........             (no amulet)
Regen    0.1/turn               (no ring)
MPRegen  0.2/turn               (no ring)

@: no status effects
A: no striking features
a: no special abilities


You were on level 3 of the Dungeon.
You were not hungry.

You visited 1 branch of the dungeon, and saw 3 of its levels.

You collected 69 gold pieces.

Inventory:

Armour
 a - a +0 robe (worn)
 n - a +1 pair of gloves (worn)
Scrolls
 e - a scroll of remove curse {unknown}
 f - 2 scrolls of identify {unknown}
 h - a scroll of recharging {unknown}
 m - a scroll of noise {unknown}
 o - a scroll of magic mapping {unknown}
Potions
 d - a potion of curing
 g - a potion of magic {unknown}
 k - a potion of brilliance {unknown}
 l - a potion of berserk rage {unknown}
 p - a potion of lignification {unknown}
 q - a potion of might {unknown}
Books
 b - a book of Conjurations

   Spells                             Type                      Level
   a - Magic Dart                     Conjuration                  1
   b - Searing Ray                    Conjuration                  2
   c - Dazzling Spray                 Conjuration/Hexes            3
   d - Fulminant Prism                Conjuration/Hexes            4
   e - Force Lance                    Conjuration/Translocation    4
   f - Iskenderun's Mystic Blast      Conjuration                  4
Comestibles
 c - a bread ration
 i - a royal jelly
 j - 2 meat rations


   Skills:
 - Level 2.4 Dodging
 - Level 2.4 Stealth
 + Level 3.9 Spellcasting
 * Level 6.4 Conjurations


You had 7 spell levels left.
You knew the following spells:

 Your Spells              Type           Power        Failure   Level  Hunger
a - Magic Dart            Conj           ####         1%          1    None
b - Searing Ray           Conj           ####..       1%          2    #......


Dungeon Overview and Level Annotations

Branches:
Dungeon (3/15)

Altars:


Message History

Aim: a gnoll The searing ray hits the gnoll. (Press . to maintain the ray.)
The gnoll hits you.
* * * LOW HITPOINT WARNING * * *
The searing ray misses the gnoll.
The searing ray hits the ball python.
The ball python is heavily wounded.
The gnoll barely misses you.
The searing ray hits the gnoll.
The gnoll is almost dead.
The gnoll closely misses you.
The searing ray hits the gnoll.
You kill the gnoll!
The searing ray hits the ball python.
You kill the ball python!
You finish channeling your searing ray.
Found an escape hatch in the floor.
There is a stone staircase leading up here.
The gnoll hits you from afar with a spear!
You die...

##.. ... #.#### .....# #.##.#
#.##.#### #>......#
####.##.###########.#####
####.##.......g.@...†....
.....########..#######..#
##..## ##...# .# ###.#
####†#.######.####.# ..)...
....................# .......
....................#
≈≈≈≈≈≈≈≈≈..≈.≈≈.≈≈≈.≈.≈.≈≈≈≈≈#
≈≈≈≈≈≈≈≈≈≈≈≈≈≈≈≈≈≈≈≈≈≈≈≈≈≈≈≈≈#
≈≈≈≈≈≈≈≈≈≈≈≈≈≈≈≈≈≈≈≈≈≈≈≈≈≈≈≈≈#


You could see a gnoll.

Vanquished Creatures
  A gnoll (D:3)
  4 adders
  3 dart slugs
  A leopard gecko (D:2)
  6 bats
  2 giant cockroaches (D:3)
  15 goblins
  8 hobgoblins
  4 jackals (D:2)
  A quokka (D:2)
  3 ball pythons
  4 frilled lizards
  3 kobolds
  6 rats
61 creatures vanquished.

Notes
Turn   | Place    | Note
-------+----------+-------------------------------------------
     0 | D:1      | gobwax the Deep Elf Conjurer began the quest for the Orb.
     0 | D:1      | Reached XP level 1. HP: 10/10 MP: 6/6
   331 | D:1      | Reached XP level 2. HP: 15/15 MP: 4/8
   450 | D:1      | Reached skill level 5 in Conjurations
   996 | D:2      | Reached XP level 3. HP: 19/19 MP: 5/9
  1073 | D:2      | Learned a level 2 spell: Searing Ray
  1558 | D:2      | Reached XP level 4. HP: 24/24 MP: 7/11
  1777 | D:2      | Reached skill level 6 in Conjurations
  2212 | D:3      | Slain by a gnoll

Skill      XL: |  1  2  3  4 |
---------------+-------------+-----
Conjurations   | 5 6 |  6.4
Dodging        | |  2.4
Stealth        | |  2.4
Spellcasting   | |  3.9

Action                   |  1- 3 |  4- 6 || total
-------------------------+-------+-------++-------
Melee: Unarmed           |     5 |       ||     5
 Cast: Magic Dart        |    64 |    27 ||    91
       Searing Ray       |     5 |     3 ||     8
  Use: Potion            |     1 |       ||     1
  Eat: Chunk             |       |     2 ||     2
       Royal jelly       |       |     1 ||     1
Armor: Robe              |     5 |     4 ||     9
Dodge: Dodged            |    17 |    10 ||    27
